BSA
SPRINGFIELD STARS @ AUSTIN RIVER SHARKS
08/10/2028
 
TOP OF THE 1ST
Springfield Stars batting - Pitching for Austin River Sharks : RHP Carlos Hernández
Pitching: RHP Carlos Hernández
Batting: SHB Shane Hutchinson 0-0: Called Strike
0-1: Foul Ball, location: 2F
0-2: Foul Ball, location: 2F
0-2: Foul Ball, location: 2F
0-2: Ball
1-2: Foul Ball, location: 2F
1-2: Ball
2-2: Fly out, F7 (Flyball, 7S)
Batting: RHB Richard Bankhead 0-0: Ball
1-0: Ball
2-0: Fly out, F9 (Flyball, 9D)
Batting: LHB Felipe Guerrero 0-0: Called Strike
0-1: Ball
1-1: SINGLE (Line Drive, 78S)
Batting: LHB Elliott Newell 0-0: Ball
1-0: Ball
2-0: SINGLE (Groundball, 34D)
Felipe Guerrero to second
Runner from 2nd tries for 3rd, SAFE, throw made to third
Batting: LHB Ryan Drake 0-0: Ball
1-0: Ball
Wild Pitch!
Felipe Guerrero scores
Elliott Newell to second
2-0: Called Strike
2-1: Ball
3-1: DOUBLE (Line Drive, 8RD)
Elliott Newell scores
Batting: LHB Jesús Tobías 0-0: Foul Ball, location: 2F
0-1: Swinging Strike
0-2: Foul Ball, location: 2F
0-2: Ball
1-2: SINGLE (Line Drive, 4M)
Ryan Drake to third
Runner from 3rd tries for Home, SAFE, throw made home
Jesús Tobías to second
Batting: RHB Juan Rodríguez 0-0: Ball
1-0: Ball
2-0: Ground out 6-3 (Groundball, 6)
Top of the 1st over - 3 run(s), 4 hit(s), 0 error(s), 1 left on base; Springfield 3 - Austin 0
BOTTOM OF THE 1ST
Austin River Sharks batting - Pitching for Springfield Stars : LHP José López
Pitching: LHP José López
Batting: LHB Enrico Vargas 0-0: Ball
1-0: Fly out, F7 (Line Drive, 78M)
Batting: RHB Richard Coker 0-0: Ball
1-0: Called Strike
1-1: Ball
2-1: Ball
3-1: SINGLE (Groundball, 6MD)
Batting: LHB Greg Nelson 0-0: Foul Ball, location: 2F
0-1: Swinging Strike
0-2: Strikes out looking
Batting: RHB Manny Copriviza 0-0: Called Strike
0-1: Foul Ball, location: 2F
0-2: Ball
1-2: Ball
2-2: Ball
3-2: Ground out 4-3 (Groundball, 4M)
Bottom of the 1st over - 0 run(s), 1 hit(s), 0 error(s), 1 left on base; Springfield 3 - Austin 0
TOP OF THE 2ND
Springfield Stars batting - Pitching for Austin River Sharks : RHP Carlos Hernández
Batting: RHB Juan Carlos Rodríguez 0-0: Called Strike
0-1: Called Strike
0-2: Ground out U3 (Groundball, 3L)
Batting: RHB Will Sterling 0-0: Called Strike
0-1: Fly out, F9 (Flyball, 89M)
Batting: SHB Shane Hutchinson 0-0: Ball
1-0: Foul Ball, location: 2F
1-1: Foul Ball, location: 2F
1-2: Ball
2-2: Ball
3-2: Strikes out swinging
Top of the 2nd over - 0 run(s), 0 hit(s), 0 error(s), 0 left on base; Springfield 3 - Austin 0
BOTTOM OF THE 2ND
Austin River Sharks batting - Pitching for Springfield Stars : LHP José López
Batting: LHB Harry Pitts 0-0: Foul Ball, location: 2F
0-1: Called Strike
0-2: Strikes out looking
Batting: RHB Eric Neal 0-0: Ball
1-0: Ball
2-0: Ball
3-0: Called Strike
3-1: Ground out 5-3 (Groundball, 5L)
Batting: RHB Carlos Guzmán 0-0: Foul Ball, location: 2F
0-1: Ball
1-1: Ball
2-1: SINGLE (Line Drive, 89S)
Batting: LHB José Liñares 0-0: Ball
1-0: Called Strike
1-1: Ball
2-1: Ball
3-1: Swinging Strike
3-2: Ground out 1-3 (Groundball, 13S)
Bottom of the 2nd over - 0 run(s), 1 hit(s), 0 error(s), 1 left on base; Springfield 3 - Austin 0
TOP OF THE 3RD
Springfield Stars batting - Pitching for Austin River Sharks : RHP Carlos Hernández
Batting: RHB Richard Bankhead 0-0: Ground out 6-3 (Groundball, 6)
Batting: LHB Felipe Guerrero 0-0: Called Strike
0-1: Swinging Strike
0-2: Ball
1-2: Ball
2-2: Ball
3-2: Foul Ball, location: 2F
3-2: Fly out, F7 (Flyball, 7LM)
Batting: LHB Elliott Newell 0-0: Called Strike
0-1: Ball
1-1: Foul Ball, location: 2F
1-2: Ball
2-2: SINGLE (Line Drive, 78S)
Batting: LHB Ryan Drake 0-0: Fielders Choice at 2nd, 4-6 (Groundball, 4)
Top of the 3rd over - 0 run(s), 1 hit(s), 0 error(s), 0 left on base; Springfield 3 - Austin 0
BOTTOM OF THE 3RD
Austin River Sharks batting - Pitching for Springfield Stars : LHP José López
Batting: RHB Teddy Bates 0-0: Ball
1-0: Called Strike
1-1: Ball
2-1: Ground out 6-3 (Groundball, 6)
Batting: LHB Enrico Vargas 0-0: Called Strike
0-1: Swinging Strike
0-2: Ground out 6-3 (Groundball, 6)
Batting: RHB Richard Coker 0-0: Called Strike
0-1: Foul Ball, location: 2F
0-2: Ball
1-2: Ball
2-2: Ball
3-2: Strikes out swinging
Bottom of the 3rd over - 0 run(s), 0 hit(s), 0 error(s), 0 left on base; Springfield 3 - Austin 0
TOP OF THE 4TH
Springfield Stars batting - Pitching for Austin River Sharks : RHP Carlos Hernández
Batting: LHB Jesús Tobías 0-0: Ball
1-0: Called Strike
1-1: Ball
2-1: Called Strike
2-2: Fly out, F4 (Flyball, 34D)
Batting: RHB Juan Rodríguez 0-0: Fly out, F8 (Flyball, 8RD)
Batting: RHB Juan Carlos Rodríguez 0-0: Ball
1-0: Foul Ball, location: 2F
1-1: Ball
2-1: Called Strike
2-2: Strikes out swinging
Top of the 4th over - 0 run(s), 0 hit(s), 0 error(s), 0 left on base; Springfield 3 - Austin 0
BOTTOM OF THE 4TH
Austin River Sharks batting - Pitching for Springfield Stars : LHP José López
Batting: LHB Greg Nelson 0-0: Called Strike
0-1: Swinging Strike
0-2: Ball
1-2: Ball
2-2: Ball
3-2: Ground out 1-3 (Groundball, 13S)
Batting: RHB Manny Copriviza 0-0: Ball
1-0: Called Strike
1-1: Swinging Strike
1-2: Strikes out looking
Batting: LHB Harry Pitts 0-0: Ball
1-0: Called Strike
1-1: Ball
2-1: Foul Ball, location: 2F
2-2: Foul Ball, location: 2F
2-2: Ball
3-2: Base on Balls
Batting: RHB Eric Neal 0-0: Called Strike
0-1: Fielders Choice at 2nd, 4-6 (Groundball, 4)
Bottom of the 4th over - 0 run(s), 0 hit(s), 0 error(s), 0 left on base; Springfield 3 - Austin 0
TOP OF THE 5TH
Springfield Stars batting - Pitching for Austin River Sharks : RHP Carlos Hernández
Batting: RHB Will Sterling 0-0: Called Strike
0-1: Called Strike
0-2: Fly out, F8 (Flyball, 89D)
Batting: SHB Shane Hutchinson 0-0: Ball
1-0: Ball
2-0: Ball
3-0: Called Strike
3-1: Foul Ball, location: 2F
3-2: Base on Balls
Batting: RHB Richard Bankhead 0-0: Ball
1-0: Grounds into double play, 5-4-3 (Groundball, 56)
Top of the 5th over - 0 run(s), 0 hit(s), 0 error(s), 0 left on base; Springfield 3 - Austin 0
BOTTOM OF THE 5TH
Austin River Sharks batting - Pitching for Springfield Stars : LHP José López
Batting: RHB Carlos Guzmán 0-0: Ground out 3-1 (Groundball, 34)
Batting: LHB José Liñares 0-0: Called Strike
0-1: Swinging Strike
0-2: Ball
1-2: Fly out, F7 (Flyball, 7)
Batting: RHB Teddy Bates 0-0: Ball
1-0: Ball
2-0: Fly out, F5 (Line Drive, 56)
Bottom of the 5th over - 0 run(s), 0 hit(s), 0 error(s), 0 left on base; Springfield 3 - Austin 0
TOP OF THE 6TH
Springfield Stars batting - Pitching for Austin River Sharks : RHP Carlos Hernández
Batting: LHB Felipe Guerrero 0-0: Swinging Strike
0-1: Ball
1-1: Foul Ball, location: 2F
1-2: Foul Ball, location: 2F
1-2: Fly out, F8 (Flyball, 8LS)
Batting: LHB Elliott Newell 0-0: Called Strike
0-1: Foul Ball, location: 2F
0-2: Ball
1-2: Foul Ball, location: 2F
1-2: Ball
2-2: Ball
3-2: SINGLE (Line Drive, 56D)
Batting: LHB Ryan Drake 0-0: Foul Ball, location: 2F
0-1: Ball
1-1: Swinging Strike
1-2: Foul Ball, location: 2F
1-2: Ball
2-2: Ball
3-2: Foul Ball, location: 2F
3-2: Foul Ball, location: 2F
3-2: Foul Ball, location: 2F
3-2: Base on Balls
Elliott Newell to second
Batting: LHB Jesús Tobías 0-0: Ball
1-0: SINGLE (Line Drive, 34D)
Elliott Newell to third
Ryan Drake to second
Runner from 3rd tries for Home, SAFE, throw made home
Ryan Drake to third
Jesús Tobías to second
Batting: RHB Juan Rodríguez 0-0: Intentional Walk
Pitching: RHP Luis Trujillo
Batting: RHB Juan Carlos Rodríguez 0-0: Ball
1-0: Foul Ball, location: 2F
1-1: Called Strike
1-2: Foul Ball, location: 2F
1-2: Foul Ball, location: 2F
1-2: Foul Ball, location: 2F
1-2: Foul Ball, location: 2F
1-2: Grounds into double play, 6-4-3 (Groundball, 6M)
Top of the 6th over - 1 run(s), 2 hit(s), 0 error(s), 2 left on base; Springfield 4 - Austin 0
BOTTOM OF THE 6TH
Austin River Sharks batting - Pitching for Springfield Stars : LHP José López
Batting: LHB Enrico Vargas 0-0: Called Strike
0-1: Ball
1-1: Fly out, F3 (Line Drive, 3L)
Batting: RHB Richard Coker 0-0: Foul Ball, location: 2F
0-1: Ball
1-1: Ground out 4-3 (Groundball, 34)
Batting: LHB Greg Nelson 0-0: Called Strike
0-1: Foul Ball, location: 2F
0-2: Ball
1-2: Foul Ball, location: 2F
1-2: SINGLE (Groundball, 56D)
Batting: RHB Manny Copriviza 0-0: Foul Ball, location: 2F
0-1: Foul Ball, location: 2F
0-2: Ball
1-2: Foul Ball, location: 2F
1-2: Ball
2-2: Fielders Choice at 2nd, 5-4 (Groundball, 56)
Bottom of the 6th over - 0 run(s), 1 hit(s), 0 error(s), 0 left on base; Springfield 4 - Austin 0
TOP OF THE 7TH
Springfield Stars batting - Pitching for Austin River Sharks : RHP Luis Trujillo
Batting: RHB Will Sterling 0-0: Ball
1-0: Foul Ball, location: 2F
1-1: Foul Ball, location: 2F
1-2: Ball
2-2: Foul Ball, location: 2F
2-2: Ball
3-2: DOUBLE (Flyball, 7LD)
Batting: SHB Shane Hutchinson 0-0: Intentional Walk
Batting: RHB Richard Bankhead 0-0: SINGLE (Line Drive, 56D)
Will Sterling to third
Shane Hutchinson to second
Pitching: LHP António Bueno
Batting: LHB Felipe Guerrero 0-0: Called Strike
0-1: Ball
1-1: Ball
2-1: Ball
3-1: Base on Balls
Will Sterling scores
Shane Hutchinson to third
Richard Bankhead to second
Batting: LHB Elliott Newell 0-0: Called Strike
0-1: Swinging Strike
0-2: Strikes out swinging
Batting: LHB Ryan Drake 0-0: Swinging Strike
0-1: Grounds out, U3 (Groundball, 3L)
Shane Hutchinson scores
Richard Bankhead to third
Pitching: RHP Brian Just
Batting: LHB Jesús Tobías 0-0: Ground out 4-3 (Groundball, 4)
Top of the 7th over - 2 run(s), 2 hit(s), 0 error(s), 2 left on base; Springfield 6 - Austin 0
BOTTOM OF THE 7TH
Austin River Sharks batting - Pitching for Springfield Stars : LHP José López
Batting: LHB Harry Pitts 0-0: Called Strike
0-1: Ball
1-1: Ball
2-1: Ball
3-1: Fly out, F7 (Flyball, 7S)
Batting: RHB Eric Neal 0-0: Foul Ball, location: 2F
0-1: Called Strike
0-2: Ball
1-2: Strikes out looking
Batting: RHB Carlos Guzmán 0-0: Single, Error in OF, E7, batter to second base
Pitching: RHP George Lockhart
Batting: LHB José Liñares 0-0: Called Strike
0-1: Swinging Strike
0-2: Ball
1-2: Fly out, F9 (Flyball, 9LS)
Bottom of the 7th over - 0 run(s), 1 hit(s), 1 error(s), 1 left on base; Springfield 6 - Austin 0
TOP OF THE 8TH
Springfield Stars batting - Pitching for Austin River Sharks : RHP Brian Just
Batting: RHB Juan Rodríguez 0-0: Called Strike
0-1: Ground out 6-3 (Groundball, 56)
Batting: RHB Juan Carlos Rodríguez 0-0: Ball
1-0: Foul Ball, location: 2F
1-1: Ball
2-1: Ball
3-1: Foul Ball, location: 2F
3-2: Ground out 5-3 (Groundball, 56)
Batting: RHB Will Sterling 0-0: Ground out 5-3 (Groundball, 56S)
Top of the 8th over - 0 run(s), 0 hit(s), 0 error(s), 0 left on base; Springfield 6 - Austin 0
BOTTOM OF THE 8TH
Austin River Sharks batting - Pitching for Springfield Stars : RHP George Lockhart
Batting: RHB Teddy Bates 0-0: Called Strike
0-1: Ball
1-1: Called Strike
1-2: Strikes out swinging
Batting: LHB Enrico Vargas 0-0: Ball
1-0: Called Strike
1-1: Ball
2-1: Ball
3-1: SINGLE (Line Drive, 89S)
Batting: RHB Richard Coker 0-0: Ball
1-0: Ball
2-0: Ball
3-0: Called Strike
3-1: Foul Ball, location: 2F
3-2: Foul Ball, location: 2F
3-2: Base on Balls
Enrico Vargas to second
Batting: LHB Greg Nelson 0-0: Called Strike
0-1: Called Strike
0-2: Strikes out swinging
Batting: RHB Manny Copriviza 0-0: Ball
1-0: Swinging Strike
1-1: Ball
2-1: Foul Ball, location: 2F
2-2: Strikes out swinging
Bottom of the 8th over - 0 run(s), 1 hit(s), 0 error(s), 2 left on base; Springfield 6 - Austin 0
TOP OF THE 9TH
Springfield Stars batting - Pitching for Austin River Sharks : RHP Brian Just
Batting: SHB Shane Hutchinson 0-0: Called Strike
0-1: Swinging Strike
0-2: Ball
1-2: Strikes out swinging
Batting: RHB Richard Bankhead 0-0: Ball
1-0: Swinging Strike
1-1: Called Strike
1-2: Ground out 4-3 (Groundball, 4)
Batting: LHB Felipe Guerrero 0-0: Swinging Strike
0-1: Ball
1-1: Foul Ball, location: 2F
1-2: Strikes out swinging
Top of the 9th over - 0 run(s), 0 hit(s), 0 error(s), 0 left on base; Springfield 6 - Austin 0
BOTTOM OF THE 9TH
Austin River Sharks batting - Pitching for Springfield Stars : RHP George Lockhart
Batting: LHB Harry Pitts 0-0: Fly out, F3 (Line Drive, 3)
Batting: RHB Eric Neal 0-0: Called Strike
0-1: Swinging Strike
0-2: Ball
1-2: Ball
2-2: Strikes out swinging
Batting: RHB Carlos Guzmán 0-0: Swinging Strike
0-1: Ball
1-1: Foul Ball, location: 2F
1-2: Ball
2-2: Foul Ball, location: 2F
2-2: Foul Ball, location: 2F
2-2: Ball
3-2: Strikes out swinging
Bottom of the 9th over - 0 run(s), 0 hit(s), 0 error(s), 0 left on base; Springfield 6 - Austin 0
Tuesday, August 8th, 2017 - OOTP Baseball 17.12 Build 75